 Dungeon Crawl Stone Soup version 0.21-a0-538-gd16b88a (webtiles) character file.

283 KeeTraxx the Insei (level 6, 0/39 HPs)
             Began as an Octopode Transmuter on Dec 14, 2017.
             Killed by divine providence
             ... invoked by an orc priest
              (13 damage)
             ... on level 3 of the Dungeon on Dec 15, 2017.
             The game lasted 00:07:45 (3041 turns).

KeeTraxx the Insei (Octopode Transmuter)            Turns: 3041, Time: 00:07:46

Health: 0/39       AC:  1    Str: 10    XL:     6   Next: 28%
Magic:  10/10      EV: 13    Int: 17    God:
Gold:   117        SH:  0    Dex: 12    Spells: 1/11 levels left

rFire    . . .     SeeInvis .     - Unarmed
rCold    . . .     Gourm    .   (no shield)
rNeg     . . .     Faith    .   (helmet restricted)
rPois    .         Spirit   .   (no amulet)
rElec    .         Reflect  .   (no ring)
rCorr    .         Harm     .   (no ring)
MR       .....                  (no ring)
Stlth    ++........             (no ring)
HPRegen  0.13/turn              (no ring)
MPRegen  0.12/turn              (no ring)
                                (no ring)
                                (no ring)

@: no status effects
A: almost no armour, stealthy swim, amphibious, 8 rings, constrict 8, camouflage
1, gelatinous body 1
a: no special abilities


You were on level 3 of the Dungeon.
You were not hungry.

You visited 1 branch of the dungeon, and saw 3 of its levels.

You collected 117 gold pieces.

Inventory:

Hand Weapons
 e - a cursed +0 short sword
 l - a +3 mace of crushing
Missiles
 a - 41 arrows
 v - 19 sling bullets
 x - 28 stones (quivered)
Scrolls
 d - 4 scrolls of teleportation {unknown}
 j - 2 scrolls of magic mapping {unknown}
 p - 3 scrolls of remove curse {unknown}
 q - a scroll of amnesia {unknown}
 s - a scroll of identify {unknown}
 t - a scroll of random uselessness {unknown}
Potions
 g - 2 potions of degeneration {unknown}
 h - 3 potions of brilliance
 k - a potion of haste {unknown}
 m - 3 potions of agility {unknown}
 n - 2 potions of lignification {unknown}
 r - a potion of might {unknown}
 u - a potion of heal wounds {unknown}
Books
 b - a book of Changes

   Spells                             Type                      Level
   a - Beastly Appendage              Transmutation                1
   b - Sticks to Snakes               Transmutation                2
   c - Spider Form                    Transmutation/Poison         3
   d - Ice Form                       Ice/Transmutation            4
   e - Blade Hands                    Transmutation                5
Comestibles
 c - 2 bread rations
 f - a royal jelly
 i - 2 fruits
 o - 3 meat rations
 w - 6 chunks of flesh


   Skills:
 + Level 1.7 Fighting
 - Level 2.0 Dodging
 + Level 4.7 Unarmed Combat
 + Level 3.1 Spellcasting
 + Level 3.5 Transmutations
 * Level 0.5 Ice Magic
 - Level 2.1 Poison Magic


You had one spell level left.
You knew the following spells:

 Your Spells              Type           Power        Failure   Level  Hunger
a - Beastly Appendage     Tmut           ##....       4%          1    None
b - Sticks to Snakes      Tmut           ##......     6%          2    ##.....
c - Spider Form           Tmut/Pois      ##........   16%         3    ###....
d - Ice Form              Ice/Tmut       #.......     58%         4    ####...


Dungeon Overview and Level Annotations

Branches:
Dungeon (3/15)

Altars:
Dithmenos
Xom


Innate Abilities, Weirdness & Mutations

You cannot wear most types of armour.
You are very stealthy in the water. (Stealth+)
You are amphibious.
You can wear up to eight rings at the same time.
You can use your tentacles to constrict eight enemies at once.
Your skin changes colour to match your surroundings (Stealth+).
Your rubbery body absorbs attacks. (AC +1, EV +1)


Message History

a hand axe; an orc corpse You butcher the orc corpse.
w - 7 chunks of flesh (gained 3)
Things that are here:
a hand axe; an orc skeleton You start resting.
Eating one of 7 chunks of flesh.
You eat one of the 7 chunks of flesh.
This raw flesh tastes terrible.
Magic restored.
You start resting.
An orc priest comes into view.
An orc priest is nearby!
The orc priest shouts!
There is an open door, spattered with blood here.
You see here a dagger.
There is an open door here.
You close the door.
Something unseen opens the door.
The orc priest invokes the aid of Beogh against you.
Beogh smites you!
You die...

.####.....####..#
..............o##
#####.....###..#
##...## #..#
##.#####..###
#..........#
#.....#..#.#
#.###.#....# #.#
#....@.#
##.###.#.##.##
#.....(..#...#
#.......>..#...
#.......##...###
#..<........##
#...........#
#.......##.##
#.......# .#


You could see an orc priest.

Vanquished Creatures
  A black bear (D:2)
  A crimson imp (D:3)
  An orc priest (D:3)
  An orc wizard (D:3)
  5 adders
  An ooze (D:2)
  A worm (D:2)
  A dart slug (D:1)
  An orc (D:3)
  7 bats
  2 giant cockroaches
  6 goblins
  6 hobgoblins
  3 jackals (D:2)
  A quokka (D:2)
  A frilled lizard (D:2)
  9 kobolds
  5 rats
53 creatures vanquished.

Vanquished Creatures (collateral kills)
  An adder (D:3)
1 creature vanquished.

Grand Total: 54 creatures vanquished

Notes
Turn   | Place    | Note
-------+----------+-------------------------------------------
     0 | D:1      | KeeTraxx the Octopode Transmuter began the quest for the Orb.
     0 | D:1      | Reached XP level 1. HP: 13/13 MP: 3/3
   141 | D:1      | Reached XP level 2. HP: 7/18 MP: 3/5
  1161 | D:1      | Reached XP level 3. HP: 22/23 MP: 6/6
  1181 | D:1      | Learned a level 2 spell: Sticks to Snakes
  1185 | D:1      | Learned a level 3 spell: Spider Form
  1850 | D:2      | Found a shadowy altar of Dithmenos.
  1861 | D:2      | Noticed a black bear
  1902 | D:2      | Killed a black bear
  1902 | D:2      | Reached skill level 4 in Unarmed Combat
  1902 | D:2      | Reached skill level 1 in Poison Magic
  1902 | D:2      | Reached XP level 4. HP: 22/28 MP: 3/7
  1902 | D:2      | Reached XP level 5. HP: 26/33 MP: 3/8
  2448 | D:2      | Upgraded the game from 0.21-a0-536-gdbbf329 to 0.21-a0-538-gd16b88a
  2842 | D:3      | Found a shimmering altar of Xom.
  2880 | D:3      | Reached XP level 6. HP: 29/39 MP: 7/10
  2886 | D:3      | Learned a level 4 spell: Ice Form
  3041 | D:3      | Killed from afar by an orc priest

Vault maps used:
D:1:      matt_arrival_spirals
D:2:      kennysheep_six_static_rooms, lemuel_crystal_altar
D:3:      led_xom_imps

Skill      XL: |  1  2  3  4  5  6 |
---------------+-------------------+-----
Unarmed Combat | 4 |  4.7
Transmutations | 3 |  3.5
Poison Magic   | 1 2 |  2.1
Spellcasting   | 3 |  3.1
Fighting       | |  1.7
Dodging        | |  2.0
Ice Magic      | |  0.5

Action                   |  1- 3 |  4- 6 || total
-------------------------+-------+-------++-------
Melee: Unarmed           |    76 |    58 ||   134
       Constrict         |    22 |    15 ||    37
       Kick              |    10 |    13 ||    23
       Tentacles         |     5 |    12 ||    17
       Punch             |     1 |     1 ||     2
Throw: Stone             |       |     1 ||     1
 Cast: Beastly Appendage |    13 |     7 ||    20
       Spider Form       |     1 |     1 ||     2
       Sticks to Snakes  |       |     3 ||     3
  Use: Potion            |     2 |       ||     2
 Stab: Sleeping          |     3 |       ||     3
  Eat: Chunk             |     2 |     6 ||     8
Armor: Skin              |     7 |     4 ||    11
Dodge: Dodged            |    51 |    27 ||    78

Table legend:
 A = Spawn XP
 B = Non-spawn XP
 C = Spawn XP percentage of total XP
 D = Spawn monster count
 E = Non-spawn monster count
 F = Spawn count percentage of total count
 G = Total turns spent on level
                    A         B        C        D         E        F      G
               +---------+---------+-------+---------+---------+-------+---------
         Total |       0 |     405 |   0.0 |       0 |      54 |   0.0 |  3041
               +---------+---------+-------+---------+---------+-------+---------
           D:1 |       0 |      34 |   0.0 |       0 |      20 |   0.0 |  1400
           D:2 |       0 |     222 |   0.0 |       0 |      28 |   0.0 |  1400
           D:3 |       0 |     149 |   0.0 |       0 |       6 |   0.0 |   241
               +---------+---------+-------+---------+---------+-------+---------
